AoeStats
← [RoI] TheBeast

Nomad

510601279Analyzed
3v3 RM · 1d ago on Oct 1, 2026· 58m 23s· 6 players
Game mode
Random Map
Map size
210×210
Population
200
Speed
Normal
Resources
Standard
Victory
Conquest
Starting age
Dark Age
Ending age
Imperial Age
RankedLock teamsTeams togetherTeam positionsShared explorationLock speedFull tech treeHidden civsTurbo modeCheats
Victory
Defeat
🇩🇪 Khitans · Germany
1384
+11
🇩🇪 Bulgarians · Germany
1321
+13
🇩🇪 Persians · Germany
1306
+14
🇦🇷 Persians · Argentina
1281
-13
🇦🇷 Italians · Argentina
1261
-13
🇦🇷 Spanish · Argentina
1251
-12
Garrón Husita
8:18 Loom
13:45 Feudal Age
17:38 Castle Age
16:56 Wheelbarrow
21:28 Double-Bit Axe
21:24 Horse Collar
28:05 Padded Archer Armor
28:29 Bow Saw
28:19 Heavy Plow
28:31 Husbandry
29:18 Medium Warships
28:52 Fishing Lines
29:52 Light Cavalry
30:43 Bloodlines
31:42 Forging
34:00 Hand Cart
33:36 Town Watch
33:45 Gold Mining
34:24 Scale Barding Armor
36:36 Leather Archer Armor
40:20 Imperial Age
40:09 Chain Barding Armor
40:26 Iron Casting
40:07 Stone Mining
41:45 Ring Archer Armor
42:08 Conscription
43:20 Shipwright
42:30 Elite Conquistador
44:10 Plate Barding Armor
46:11 Hussar
47:53 Blast Furnace
53:01 Fletching
C_3PO
5:32 Loom
14:39 Feudal Age
19:11 Castle Age
18:31 Gold Mining
18:33 Double-Bit Axe
28:50 Bow Saw
29:55 Husbandry
36:32 Bloodlines
37:15 Scale Barding Armor
37:20 Forging
42:30 Gold Shaft Mining
42:38 Wheelbarrow
43:47 Chain Barding Armor
44:14 Horse Collar
45:57 Iron Casting
47:38 Heavy Plow
[TUC] NAGES
3:33 Loom
14:39 Feudal Age
20:49 Castle Age
22:06 Fletching
22:17 Padded Archer Armor
26:06 Leather Archer Armor
28:59 Ballistics
32:04 Bodkin Arrow
36:21 Imperial Age
[RoI] Dr_Walter
3:40 Loom
14:45 Feudal Age
21:30 Castle Age
20:44 Double-Bit Axe
20:51 Fishing Lines
22:33 Bow Saw
22:09 Horse Collar
33:24 Wheelbarrow
33:15 Fletching
35:05 Pikeman
37:00 Squires
36:45 Gambesons
37:38 Heavy Plow
38:46 Stone Mining
40:02 Gold Mining
43:46 Imperial Age
41:41 Hand Cart
41:12 Town Watch
42:04 Stone Shaft Mining
44:20 Bloodlines
44:11 Husbandry
44:56 Scale Barding Armor
44:52 Scale Mail Armor
45:12 Forging
44:54 Arson
45:51 Conscription
46:02 Chain Mail Armor
47:27 Chain Barding Armor
47:17 Stirrups
46:49 Elite Konnik
47:49 Halberdier
49:13 Plate Barding Armor
50:31 Iron Casting
50:27 Plate Mail Armor
50:14 Bodkin Arrow
51:45 Blast Furnace
50:21 Light Cavalry
51:55 Hussar
53:46 Gold Shaft Mining
53:17 Bracer
53:43 Ballistics
53:20 Murder Holes
55:06 Chemistry
57:33 Capped Ram
58:35 Town Patrol
58:44 Padded Archer Armor
58:59 Masonry
58:55 Siege Engineers
[RoI] TheHound
13:16 Feudal Age
13:57 Loom
14:26 Double-Bit Axe
16:58 Wheelbarrow
20:07 Castle Age
18:48 Gold Mining
19:16 Stone Mining
21:03 Bow Saw
22:00 Town Watch
24:25 Domestication
26:13 Pastoralism
38:43 Imperial Age
42:42 Scale Mail Armor
42:52 Forging
42:07 Elite Fire Lancer
42:48 Squires
42:34 Gambesons
44:03 Chain Mail Armor
44:24 Iron Casting
44:09 Arson
44:55 Plate Mail Armor
[RoI] TheBeast
11:21 Feudal Age
9:38 Loom
12:03 Double-Bit Axe
17:53 Town Watch
20:35 Castle Age
19:26 Gold Mining
19:26 Town Watch
20:12 Scale Barding Armor
30:00 Wheelbarrow
29:49 Stone Mining
36:00 Imperial Age
33:44 Forging
35:33 Bloodlines
35:24 Husbandry
35:54 Chain Barding Armor
35:47 Cavalier
39:17 Iron Casting
38:42 Scale Mail Armor
39:27 Ballistics
39:52 Conscription
40:01 Pikeman
40:41 Squires
40:27 Arson
42:57 Plate Barding Armor
43:23 Blast Furnace
45:16 Savar
46:04 Kamandaran
47:06 Fletching
47:06 Crossbowman
47:51 Thumb Ring
47:44 Bodkin Arrow
51:13 Gold Shaft Mining
51:13 Stone Shaft Mining
52:42 Chemistry
54:04 Halberdier
58:13 Padded Archer Armor
Connection lost

Rejoining the realm…

Still unreachable

The connection could not be restored.

Session expired

The server has moved on; the page needs a fresh start.